TOP OF THE 1ST |
Mobile BayBears batting - Pitching for Colorado (EL) Rockies : RHP Josh Thomas
|
Pitching: RHP Josh Thomas
|
|
Batting: LHB Kevin Ferguson
|
0-0: Foul Ball, location: 2F 0-1: Ball 1-1: Ball 2-1: Ball 3-1: Swinging Strike 3-2: SINGLE (Line Drive, 6M, EV 96.9 MPH)
|
Batting: LHB Jeff Densmore
|
0-0: Called Strike 0-1: Foul Ball, location: 2F 0-2: Fielders Choice at 2nd, 5-4 (Groundball, 56, EV 79.4 MPH)
|
Batting: LHB Bob Myers
|
0-0: Called Strike 0-1: Ball 1-1: Fly out, F8 (Flyball, 8RXD, EV 90.0 MPH)
|
Batting: LHB Soo-yeon Kym
|
0-0: Called Strike 0-1: Ball 1-1: Ball 2-1: SINGLE (Groundball, 6MD, EV 105.6 MPH) Jeff Densmore to second Runner from 2nd tries for 3rd, SAFE, throw by CF made to third
|
Batting: RHB Dustin Clark
|
0-0: Called Strike 0-1: Fielders Choice at 2nd, 6-4 (Groundball, 6, EV 91.2 MPH)
|
Top of the 1st over - 0 runs, 2 hits, 0 errors, 2 left on base; Mobile 0 - Colorado (EL) 0 |
BOTTOM OF THE 1ST |
Colorado (EL) Rockies batting - Pitching for Mobile BayBears : RHP Willie Lasso
|
Pitching: RHP Willie Lasso
|
|
Batting: RHB Scott Schwartz
|
0-0: Foul Ball, location: 7LSF, Error on foul ball, E7 0-1: Foul Ball, location: 2F 0-2: Ball 1-2: Ball 2-2: Ball 3-2: Fly out, F7 (Flyball, 7D, EV 85.0 MPH)
|
Batting: SHB Jamie Mims
|
0-0: Called Strike 0-1: Foul Ball, location: 2F 0-2: Ball 1-2: Ball 2-2: Ball 3-2: Foul Ball, location: 2F 3-2: SINGLE (Groundball, 23, EV 74.4 MPH) (infield hit)
|
Pitching: RHP Mike Bowling
|
|
Batting: LHB Chris Morgan
|
0-0: Ball 1-0: Ball 2-0: 2-RUN HOME RUN (Flyball, 9D, EV 94.4 MPH), Distance : 370 ft
|
Batting: LHB Paul McClintock
|
0-0: Called Strike 0-1: Ball 1-1: Foul Ball, location: 2F 1-2: Ball 2-2: Foul Ball, location: 2F 2-2: Ball 3-2: SINGLE (Line Drive, 6D, EV 93.8 MPH)
|
Batting: LHB Tim Mulholland
|
0-0: Ball 1-0: Ball 2-0: Foul Ball, location: 2F 2-1: Ball 3-1: Base on Balls Paul McClintock to second
|
Batting: LHB Jim Chalk
|
0-0: Swinging Strike 0-1: SINGLE (Groundball, 4MD, EV 100.0 MPH) Paul McClintock to third Tim Mulholland to second Runner from 3rd tries for Home, SAFE, throw by CF to home
|
Batting: LHB Jay Fenderson
|
0-0: DOUBLE (Line Drive, 7LM, EV 108.1 MPH) Tim Mulholland scores Jim Chalk to third
|
Pitching: RHP Troy DiFiore
|
|
Batting: SHB Jerry Massey
|
0-0: Fly out, F7 (Flyball, 7LM, EV 86.2 MPH) Runner from 3rd tags up, SCORES, throw by LF
|
Batting: RHB Peter Wheeler
|
0-0: Called Strike 0-1: Swinging Strike 0-2: Ball 1-2: Strikes out swinging
|
Bottom of the 1st over - 5 runs, 5 hits, 1 error, 1 left on base; Mobile 0 - Colorado (EL) 5 |
TOP OF THE 2ND |
Mobile BayBears batting - Pitching for Colorado (EL) Rockies : RHP Josh Thomas
|
Batting: LHB T.J. Duvall
|
0-0: Called Strike 0-1: Foul Ball, location: 2F 0-2: Ball 1-2: Ball 2-2: Strikes out swinging
|
Batting: RHB Blake Beale
|
0-0: Foul Ball, location: 2F 0-1: Called Strike 0-2: Strikes out swinging, 2-3 out at first.
|
Batting: RHB Carlos Ballesteros
|
0-0: Ball 1-0: Ball 2-0: Ball 3-0: Called Strike 3-1: Ground out 4-3 (Groundball, 4, EV 83.1 MPH)
|
Top of the 2nd over - 0 runs, 0 hits, 0 errors, 0 left on base; Mobile 0 - Colorado (EL) 5 |
BOTTOM OF THE 2ND |
Colorado (EL) Rockies batting - Pitching for Mobile BayBears : RHP Troy DiFiore
|
Batting: RHB Scott Schwartz
|
0-0: Called Strike 0-1: Foul Ball, location: 2F 0-2: Strikes out swinging
|
Batting: SHB Jamie Mims
|
0-0: Ball 1-0: Ball 2-0: Called Strike 2-1: Reached on error, E3 (Groundball, 3, EV 88.8 MPH)
|
Batting: LHB Chris Morgan
|
0-0: Ball 1-0: SINGLE (Groundball, 34D, EV 94.4 MPH) Jamie Mims to second Runner from 2nd tries for 3rd, SAFE, throw by RF made to third Chris Morgan to second
|
Batting: LHB Paul McClintock
|
0-0: Ball 1-0: Ground out 6-3 (Groundball, 6M, EV 104.4 MPH) Jamie Mims scores Chris Morgan to third
|
Batting: LHB Tim Mulholland
|
0-0: Ball 1-0: Foul Ball, location: 2F 1-1: Ball 2-1: Ball 3-1: Foul Ball, location: 2F 3-2: Foul Ball, location: 2F 3-2: Ground out 4-3 (Groundball, 4, EV 91.2 MPH)
|
Bottom of the 2nd over - 1 run, 1 hit, 1 error, 1 left on base; Mobile 0 - Colorado (EL) 6 |
TOP OF THE 3RD |
Mobile BayBears batting - Pitching for Colorado (EL) Rockies : RHP Josh Thomas
|
Batting: RHB Curt Barrett
|
0-0: Swinging Strike 0-1: Swinging Strike 0-2: Strikes out looking
|
Batting: LHB Kevin Ferguson
|
0-0: Called Strike 0-1: Swinging Strike 0-2: Strikes out looking
|
Batting: LHB Jeff Densmore
|
0-0: Ground out 6-3 (Groundball, 4M, EV 83.8 MPH)
|
Top of the 3rd over - 0 runs, 0 hits, 0 errors, 0 left on base; Mobile 0 - Colorado (EL) 6 |
BOTTOM OF THE 3RD |
Colorado (EL) Rockies batting - Pitching for Mobile BayBears : RHP Troy DiFiore
|
Batting: LHB Jim Chalk
|
0-0: Ball 1-0: Fly out, F6 (Popup, 6S, EV 83.1 MPH)
|
Batting: LHB Jay Fenderson
|
0-0: Ground out 6-3 (Groundball, 56, EV 100.6 MPH)
|
Batting: SHB Jerry Massey
|
0-0: Ball 1-0: Called Strike 1-1: Fly out, F7 (Flyball, 7D, EV 94.4 MPH)
|
Bottom of the 3rd over - 0 runs, 0 hits, 0 errors, 0 left on base; Mobile 0 - Colorado (EL) 6 |
TOP OF THE 4TH |
Mobile BayBears batting - Pitching for Colorado (EL) Rockies : RHP Josh Thomas
|
Batting: LHB Bob Myers
|
0-0: Swinging Strike 0-1: Ground out 4-3 (Groundball, 4, EV 85.0 MPH)
|
Batting: LHB Soo-yeon Kym
|
0-0: Ball 1-0: Fly out, F8 (Flyball, 78S, EV 89.4 MPH)
|
Batting: RHB Dustin Clark
|
0-0: Called Strike 0-1: Ball 1-1: Called Strike 1-2: DOUBLE (Groundball, 5L, EV 94.4 MPH)
|
Batting: LHB T.J. Duvall
|
0-0: Ground out 4-3 (Groundball, 4, EV 86.9 MPH)
|
Top of the 4th over - 0 runs, 1 hit, 0 errors, 1 left on base; Mobile 0 - Colorado (EL) 6 |
BOTTOM OF THE 4TH |
Colorado (EL) Rockies batting - Pitching for Mobile BayBears : RHP Troy DiFiore
|
Batting: RHB Peter Wheeler
|
0-0: Ball 1-0: Called Strike 1-1: Ball 2-1: Ball 3-1: Foul Ball, location: 2F 3-2: SOLO HOME RUN (Flyball, 7D, EV 97.5 MPH), Distance : 351 ft
|
Batting: RHB Scott Schwartz
|
0-0: Ball 1-0: Foul Ball, location: 2F 1-1: Foul Ball, location: 2F 1-2: Strikes out swinging
|
Batting: SHB Jamie Mims
|
0-0: Ball 1-0: Foul Ball, location: 2F 1-1: Called Strike 1-2: Ground out 4-3 (Groundball, 4, EV 80.6 MPH)
|
Batting: LHB Chris Morgan
|
0-0: Swinging Strike 0-1: Ball 1-1: Foul Ball, location: 2F 1-2: Strikes out swinging
|
Bottom of the 4th over - 1 run, 1 hit, 0 errors, 0 left on base; Mobile 0 - Colorado (EL) 7 |
TOP OF THE 5TH |
Mobile BayBears batting - Pitching for Colorado (EL) Rockies : RHP Josh Thomas
|
Batting: RHB Blake Beale
|
0-0: Ball 1-0: Fly out, F3 (Line Drive, 3L, EV 66.2 MPH)
|
Batting: RHB Carlos Ballesteros
|
0-0: Swinging Strike 0-1: Ground out 6-3 (Groundball, 6, EV 86.2 MPH)
|
Batting: RHB Curt Barrett
|
0-0: Ball 1-0: Fly out, F8 (Line Drive, 8LM, EV 96.9 MPH)
|
Top of the 5th over - 0 runs, 0 hits, 0 errors, 0 left on base; Mobile 0 - Colorado (EL) 7 |
BOTTOM OF THE 5TH |
Colorado (EL) Rockies batting - Pitching for Mobile BayBears : RHP Troy DiFiore
|
Batting: LHB Paul McClintock
|
0-0: Ball 1-0: Swinging Strike 1-1: Ball 2-1: Foul Ball, location: 2F 2-2: Foul Ball, location: 2F 2-2: SINGLE (Line Drive, 6D, EV 95.6 MPH)
|
Batting: LHB Tim Mulholland
|
0-0: Called Strike 0-1: Called Strike 0-2: Foul Ball, location: 2F 0-2: Ball 1-2: Foul Ball, location: 2F 1-2: Grounds into double play, 5-4-3 (Groundball, 56, EV 91.2 MPH)
|
Batting: LHB Jim Chalk
|
0-0: Called Strike 0-1: Foul Ball, location: 2F 0-2: Strikes out swinging
|
Bottom of the 5th over - 0 runs, 1 hit, 0 errors, 0 left on base; Mobile 0 - Colorado (EL) 7 |
TOP OF THE 6TH |
Mobile BayBears batting - Pitching for Colorado (EL) Rockies : RHP Josh Thomas
|
Batting: LHB Kevin Ferguson
|
0-0: Called Strike 0-1: Foul Ball, location: 2F 0-2: Ball 1-2: Ball 2-2: Ball 3-2: Strikes out swinging
|
Batting: LHB Jeff Densmore
|
0-0: Called Strike 0-1: Ball 1-1: SOLO HOME RUN (Flyball, 7D, EV 92.5 MPH), Distance : 349 ft
|
Batting: LHB Bob Myers
|
0-0: Ball 1-0: Foul Ball, location: 2F 1-1: Foul Ball, location: 2F 1-2: Ball 2-2: Ball 3-2: SOLO HOME RUN (Flyball, 9LD, EV 91.2 MPH), Distance : 346 ft
|
Batting: LHB Soo-yeon Kym
|
0-0: Called Strike 0-1: Ball 1-1: Called Strike 1-2: Foul Ball, location: 2F 1-2: Strikes out swinging
|
Batting: RHB Dustin Clark
|
0-0: Ball 1-0: Foul Ball, location: 2F 1-1: Called Strike 1-2: Foul Ball, location: 2F 1-2: Ball 2-2: DOUBLE (Flyball, 8LXD, EV 103.1 MPH)
|
Batting: LHB T.J. Duvall
|
0-0: Ball 1-0: Ball 2-0: Foul Ball, location: 2F 2-1: Foul Ball, location: 2F 2-2: Strikes out swinging
|
Top of the 6th over - 2 runs, 3 hits, 0 errors, 1 left on base; Mobile 2 - Colorado (EL) 7 |
BOTTOM OF THE 6TH |
Colorado (EL) Rockies batting - Pitching for Mobile BayBears : RHP Troy DiFiore
|
Pitching: LHP Shelby Rich
|
|
Batting: LHB Jay Fenderson
|
0-0: Foul Ball, location: 2F 0-1: Called Strike 0-2: Ball 1-2: Ball 2-2: Ball 3-2: Ground out 3-1 (Groundball, 34, EV 102.5 MPH)
|
Batting: SHB Jerry Massey
|
0-0: Ball 1-0: Ground out 3-1 (Groundball, 34S, EV 88.1 MPH)
|
Batting: RHB Peter Wheeler
|
0-0: Ball 1-0: Foul Ball, location: 2F 1-1: Ball 2-1: Fly out, F6 (Popup, 6, EV 52.5 MPH)
|
Bottom of the 6th over - 0 runs, 0 hits, 0 errors, 0 left on base; Mobile 2 - Colorado (EL) 7 |
TOP OF THE 7TH |
Mobile BayBears batting - Pitching for Colorado (EL) Rockies : RHP Josh Thomas
|
Pitching: RHP Manny Campos
|
|
Batting: RHB Blake Beale
|
0-0: Foul Ball, location: 2F 0-1: Ball 1-1: DOUBLE (Flyball, 8RXD, EV 104.4 MPH)
|
Batting: RHB Carlos Ballesteros
|
0-0: Called Strike 0-1: Ball 1-1: Fly out, F5 (Line Drive, 56, EV 68.1 MPH)
|
Batting: RHB Curt Barrett
|
0-0: Ball 1-0: 2-RUN HOME RUN (Flyball, 7D, EV 96.9 MPH), Distance : 364 ft
|
Batting: LHB Kevin Ferguson
|
0-0: Foul Ball, location: 2F 0-1: Foul Ball, location: 2F 0-2: Ball 1-2: SOLO HOME RUN (Flyball, 7LD, EV 94.4 MPH), Distance : 339 ft
|
Pitching: RHP Jon Baily
|
|
Batting: LHB Jeff Densmore
|
0-0: Ball 1-0: Ball 2-0: Called Strike 2-1: SINGLE (Line Drive, 9LS, EV 94.4 MPH)
|
Batting: LHB Bob Myers
|
0-0: Ball Jeff Densmore steals 2nd base 1-0: Ball 2-0: Ground out 4-3 (Groundball, 34D, EV 102.5 MPH) Jeff Densmore to third
|
Batting: LHB Soo-yeon Kym
|
0-0: Called Strike 0-1: Ball 1-1: Ball 2-1: Ball 3-1: Base on Balls
|
Batting: RHB Dustin Clark
|
0-0: Foul Ball, location: 2F 0-1: Fly out, F8 (Flyball, 8LD, EV 102.5 MPH)
|
Top of the 7th over - 3 runs, 4 hits, 0 errors, 2 left on base; Mobile 5 - Colorado (EL) 7 |
BOTTOM OF THE 7TH |
Colorado (EL) Rockies batting - Pitching for Mobile BayBears : LHP Shelby Rich
|
Batting: RHB Scott Schwartz
|
0-0: Ball 1-0: Ball 2-0: Ground out 6-3 (Groundball, 6, EV 78.8 MPH)
|
Batting: SHB Jamie Mims
|
0-0: Ball 1-0: Foul Ball, location: 2F 1-1: Foul Ball, location: 2F 1-2: Ball 2-2: Ground out 6-3 (Groundball, 56, EV 84.4 MPH)
|
Batting: LHB Chris Morgan
|
0-0: Called Strike 0-1: Ball 1-1: Swinging Strike 1-2: Strikes out swinging
|
Bottom of the 7th over - 0 runs, 0 hits, 0 errors, 0 left on base; Mobile 5 - Colorado (EL) 7 |
TOP OF THE 8TH |
Mobile BayBears batting - Pitching for Colorado (EL) Rockies : RHP Jon Baily
|
Batting: LHB T.J. Duvall
|
0-0: Foul Ball, location: 2F 0-1: SOLO HOME RUN (Flyball, 89XD, EV 100.0 MPH), Distance : 391 ft
|
Batting: RHB Blake Beale
|
0-0: Called Strike 0-1: Fly out, F8 (Line Drive, 8LD, EV 90.6 MPH)
|
Batting: RHB Carlos Ballesteros
|
0-0: Foul Ball, location: 2F 0-1: Ball 1-1: Ground out 6-3 (Groundball, 6, EV 80.0 MPH)
|
Batting: RHB Curt Barrett
|
0-0: Foul Ball, location: 2F 0-1: Swinging Strike 0-2: Hit by Pitch
|
Batting: LHB Kevin Ferguson
|
0-0: Foul Ball, location: 2F 0-1: Ball 1-1: Ball 2-1: Called Strike 2-2: Foul Ball, location: 2F 2-2: Ball 3-2: Foul Ball, location: 2F 3-2: Foul Ball, location: 2F 3-2: Base on Balls Curt Barrett to second
|
Batting: LHB Jeff Densmore
|
0-0: Ball 1-0: Called Strike 1-1: Ball 2-1: Ground out 4-3 (Groundball, 4, EV 101.9 MPH)
|
Top of the 8th over - 1 run, 1 hit, 0 errors, 2 left on base; Mobile 6 - Colorado (EL) 7 |
BOTTOM OF THE 8TH |
Colorado (EL) Rockies batting - Pitching for Mobile BayBears : LHP Shelby Rich
|
Batting: LHB Paul McClintock
|
0-0: Ball 1-0: Foul Ball, location: 2F 1-1: Ground out 6-3 (Groundball, 6, EV 96.9 MPH)
|
Batting: LHB Tim Mulholland
|
0-0: Ball 1-0: Foul Ball, location: 2F 1-1: Ball 2-1: Ball 3-1: Foul Ball, location: 2F 3-2: Ground out 4-3 (Groundball, 4, EV 102.5 MPH)
|
Batting: LHB Jim Chalk
|
0-0: Foul Ball, location: 2F 0-1: Ball 1-1: Foul Ball, location: 2F 1-2: Strikes out swinging
|
Bottom of the 8th over - 0 runs, 0 hits, 0 errors, 0 left on base; Mobile 6 - Colorado (EL) 7 |
TOP OF THE 9TH |
Mobile BayBears batting - Pitching for Colorado (EL) Rockies : RHP Jon Baily
|
Pitching: RHP Sipi Kilpinen
|
|
Batting: LHB Bob Myers
|
0-0: Called Strike 0-1: Ball 1-1: Foul Ball, location: 2F 1-2: Ball 2-2: Ball 3-2: Base on Balls
|
Batting: LHB Soo-yeon Kym
|
0-0: Swinging Strike 0-1: Swinging Strike 0-2: Grounds into double play, 1-6-3 (Groundball, 13S, EV 65.6 MPH)
|
Batting: RHB Dustin Clark
|
0-0: Called Strike 0-1: Foul Ball, location: 2F 0-2: Foul Ball, location: 2F 0-2: Ball 1-2: Ball 2-2: Strikes out swinging
|
Top of the 9th over - 0 runs, 0 hits, 0 errors, 0 left on base; Mobile 6 - Colorado (EL) 7 |
|